 Dungeon Crawl Stone Soup version 0.24.0-37-gcf1ca852f1 (webtiles) character file.

Game seed: 1381908003559664927, levelgen mode: deterministic

4963 PentaManta the Protected (level 10, -10/56 HPs)
             Began as a Gargoyle Monk on Dec 6, 2019.
             Was a High Priest of Okawaru.
             Killed by divine providence
             ... invoked by an orc priest
              (16 damage)
             ... on level 8 of the Dungeon.
             The game lasted 00:22:21 (8624 turns).

PentaManta the Protected (Gargoyle Monk)            Turns: 8624, Time: 00:22:22

Health: -10/56     AC: 21    Str: 17    XL:     10   Next: 53%
Magic:  10/10      EV: 13    Int: 12    God:    Okawaru [*****.]
Gold:   508        SH:  0    Dex: 12    Spells: 9/9 levels left

rFire    . . .     SeeInvis .   H - +0 dire flail
rCold    . . .     Gourm    .   (shield currently unavailable)
rNeg     + . .     Faith    .   j - +0 scale mail
rPois    ∞         Spirit   .   I - +1 helmet
rElec    +         Reflect  .   J - +0 cloak
rCorr    .         Harm     .   x - +0 pair of gloves
MR       .....                  (no boots)
Stlth    +.........             (no amulet)
HPRegen  0.18/turn              (no ring)
MPRegen  0.12/turn              (no ring)

@: no status effects
A: negative energy resistance 1, electricity resistance, unbreathing,
petrification resistance, rot immunity, AC +7
a: Heroism, Finesse, Renounce Religion


You were on level 8 of the Dungeon.
You worshipped Okawaru.
Okawaru was extremely pleased with you.
You were not hungry.

You visited 2 branches of the dungeon, and saw 9 of its levels.
You also visited: Sewer.

You collected 508 gold pieces.

Inventory:

Hand Weapons
 e - a +2 quick blade
 A - a +1 whip of venom
 H - a +0 dire flail (weapon)
Armour
 j - a +0 scale mail (worn)
 m - a +1 plate armour
 r - the +0 leather armour "Gyca" {rElec rC+ Str+3 Dex+6}
   (You found it on level 4 of the Dungeon)

   It affects your strength (+3).
   It affects your dexterity (+6).
   It protects you from cold.
   It insulates you from electricity.
 x - a +0 pair of gloves (worn)
 y - a +0 chain mail
 I - a +1 helmet (worn)
 J - a +0 cloak (worn)
Jewellery
 t - an uncursed ring of ice
 F - an uncursed ring of fire
Wands
 b - a wand of polymorph (5)
 g - a wand of iceblast (15)
 h - a wand of random effects (17)
 v - a wand of paralysis (9)
 B - a wand of flame (15)
Scrolls
 a - a scroll of teleportation
 l - 6 scrolls of remove curse
 s - a scroll of amnesia
 w - a scroll of fear
 z - a scroll of identify
 C - a scroll of magic mapping
 G - a scroll of blinking
Potions
 d - a potion of invisibility
 f - 3 potions of lignification
 i - 2 potions of agility
 k - 2 potions of might {unknown}
 n - 5 potions of brilliance {unknown}
 o - 5 potions of heal wounds {unknown}
 p - a potion of mutation {unknown}
 q - 2 potions of resistance {unknown}
 u - a potion of haste {unknown}
 D - 3 potions of curing
 E - 3 potions of magic
Comestibles
 c - 10 rations


   Skills:
 - Level 3.2 Fighting
 + Level 9.3 Maces & Flails
 + Level 9.5 Armour
 + Level 7.8 Dodging
 - Level 2.1 Stealth


You had 9 spell levels left.
You didn't know any spells.
Your spell library was empty.

Dungeon Overview and Level Annotations

Branches:
Dungeon (8/15)             Temple (1/1) D:4           Sewer (visited)
   Lair: D:8-11

Altars:
Ashenzari
Cheibriados
Elyvilon
Fedhas
Gozag
Hepliaklqana
Kikubaaqudgha
Makhleb
Nemelex Xobeh
Okawaru
Qazlal
Ru
Sif Muna
Trog
Uskayaw
Vehumet
Wu Jian
Xom
Yredelemnul
Zin
The Shining One
Lugonu

Shops:
D:4 %   D:5 *   D:8 =

Annotations:
D:4 3 runed translucent doors, VPR's ghost, amateur MiBe
D:8 1 runed translucent door, nano's ghost, journeyman KoHu


Innate Abilities, Weirdness & Mutations

You are resistant to torment.
Your stone body is resilient. (AC +7)
You are immune to poison.
You resist negative energy. (rN+)
You are resistant to electric shocks. (rElec)
You can survive without breathing.
You are immune to petrification.
You are immune to rotting.


Message History

You feel better. The hound bites you but does no damage. The hound misses you.
The orc priest miscasts a cantrip.
The hound bites you but does no damage. The hound barely misses you.
The hound bites you but does no damage. The hound completely misses you.
The hound bites you but does no damage.
You see here a +0 short sword.
The orc priest calls down the wrath of Beogh upon you.
Beogh smites you!
* * * LOW HITPOINT WARNING * * *
The hound closely misses you.
You see here 3 stones.
The hound bites you but does no damage.
There is a stone staircase leading up here.
The hound barely misses you.
The orc priest mumbles some strange prayers to Beogh against you.
Beogh smites you!
You die...

#..........#'#.....###
##..............#####
#.............###
##..............# ###
#..............##
###.######.............##
....o....o...()........#
###..###....o.(.......##
#...#####.(.)h@....##
##..## ##.(.......# ###
##..# #((.......#####
##.## ####
##(..........^####....
##.....######.........
#..#..## #####.....
##.##### #####. #..# ##
##### ##.## #


You could see an orc warrior, a hound and an orc priest.

Vanquished Creatures
  A two-headed ogre (D:7)
  Maurice (D:8)
  A hippogriff (D:8)
  A wyvern (D:7)
  6 yaks
  A hungry ghost (D:7)
  An orc warrior (D:7)
  2 ogres
  2 sky beasts
  4 centaurs
  4 big kobolds
  4 bullfrogs
  4 killer bees (D:8)
  4 scorpions
  4 wights (D:6)
  2 crimson imps
  A hound (D:6)
  3 jellies
  An orc priest (D:5)
  5 orc wizards
  A centaur skeleton (D:5)
  2 iguanas
  5 worker ants
  A hound skeleton (D:6)
  A worker ant zombie (D:5)
  Robin (D:4)
  6 gnolls
  3 river rats (D:3)
  9 adders
  3 oozes
  An adder zombie (D:2)
  4 worms
  3 dart slugs
  3 leopard geckos
  13 orcs
  4 giant cockroaches
  20 goblins
  7 hobgoblins
  11 jackals
  25 kobolds
  A quokka (D:4)
  4 ball pythons
  13 bats
  A leopard gecko skeleton (D:4)
  A quokka skeleton (D:6)
  A quokka zombie (D:6)
  9 rats
205 creatures vanquished.

Vanquished Creatures (others)
  2 fungi (D:4)
2 creatures vanquished.

Grand Total: 207 creatures vanquished

Notes
Turn   | Place    | Note
-------+----------+-------------------------------------------
     0 | D:1      | PentaManta the Gargoyle Monk began the quest for the Orb.
     0 | D:1      | Reached XP level 1. HP: 14/14 MP: 1/1
   118 | D:1      | Reached XP level 2. HP: 14/19 MP: 2/2
   151 | D:1      | Reached skill level 1 in Armour
   448 | D:1      | Reached XP level 3. HP: 23/23 MP: 3/3
  1222 | D:2      | Reached XP level 4. HP: 16/28 MP: 4/4
  1436 | D:2      | Found a shattered altar of Ashenzari.
  1545 | D:2      | Found a glowing silver altar of Zin.
  1546 | D:2      | Found a hide-covered altar of Uskayaw.
  1773 | D:2      | Found a snail-covered altar of Cheibriados.
  1774 | D:2      | Found a radiant altar of Vehumet.
  1774 | D:2      | Found a glowing golden altar of the Shining One.
  1774 | D:2      | Found an opulent altar of Gozag.
  1774 | D:2      | Found a stormy altar of Qazlal.
  1776 | D:2      | Found an ornate altar of the Wu Jian Council.
  1777 | D:2      | Found a white marble altar of Elyvilon.
  1778 | D:2      | Found an iron altar of Okawaru.
  1779 | D:2      | Found a shimmering blue altar of Sif Muna.
  1783 | D:2      | Became a worshipper of Warmaster Okawaru
  1783 | D:2      | Reached * piety under Okawaru
  1783 | D:2      | Reached ** piety under Okawaru
  2014 | D:3      | Reached XP level 5. HP: 10/32 MP: 5/5
  2318 | D:3      | Found a glowing drain.
  2443 | Sewer    | Entered a sewer
  2572 | Sewer    | Noticed a big kobold
  2572 | Sewer    | Noticed a big kobold
  2609 | Sewer    | Killed a big kobold
  2609 | Sewer    | Reached XP level 6. HP: 22/37 MP: 6/6
  3227 | D:4      | Reached skill level 5 in Maces & Flails
  3253 | D:4      | Reached XP level 7. HP: 29/41 MP: 7/7
  3305 | D:4      | Reached *** piety under Okawaru
  3309 | D:4      | Got a distressingly furry leather armour
  3320 | D:4      | Identified the +0 leather armour "Gyca" {rElec rC+ Str+3
                  | Dex+6} (You found it on level 4 of the Dungeon)
  3376 | D:4      | Found a sacrificial altar of Ru.
  3468 | D:4      | Found Kiowkial's Food Shoppe.
  3596 | D:4      | Found a staircase to the Ecumenical Temple.
  3609 | Temple   | Entered the Ecumenical Temple
  3666 | D:4      | Noticed Robin
  3713 | D:4      | Killed Robin
  3877 | D:4      | Found a runed translucent gate.
  3877 | D:4      | Found a runed translucent gate.
  3877 | D:4      | Found a runed translucent gate.
  3877 | D:4      | Noticed VPR's ghost (amateur MiBe)
  3993 | D:5      | Entered Level 5 of the Dungeon
  4145 | D:5      | Found Qaom's General Store.
  4197 | D:5      | Reached skill level 5 in Armour
  4244 | D:5      | Found a shattered altar of Ashenzari.
  4474 | D:5      | Reached XP level 8. HP: 20/46 MP: 8/8
  4932 | D:6      | Reached skill level 5 in Dodging
  5667 | D:6      | Reached **** piety under Okawaru
  5945 | D:7      | Reached XP level 9. HP: 32/51 MP: 9/9
  6770 | D:7      | Noticed a two-headed ogre
  6798 | D:7      | Killed a two-headed ogre
  6798 | D:7      | Reached ***** piety under Okawaru
  6798 | D:7      | Reached XP level 10. HP: 12/56 MP: 10/10
  7956 | D:8      | Received a gift from Okawaru
  8189 | D:8      | Found Dyrig's Jewellery Shoppe.
  8198 | D:8      | Found a runed translucent door.
  8199 | D:8      | Noticed nano's ghost (journeyman KoHu)
  8235 | D:8      | Noticed Maurice
  8303 | D:8      | Killed Maurice
  8624 | D:8      | Killed from afar by an orc priest

Levels and vault maps discovered:
D:1:      scummos_arrival_gate, layout_loops_ring
D:2:      layout_rooms, grunt_dithmenos_smoke_and_mirrors, lemuel_round_altar,
          minitemple, first_ration
D:3:      layout_rooms, portal_sewer_entry_c
D:4:      layout_rooms, minmay_temple_entry_purple_smoke,
          gammafunk_ghost_nasty_kobolds, serial_shops, shop,
          nicolae_ru_awakened_eye, uniq_robin
D:5:      layout_rooms, serial_shops, shop_fountains, nicolae_sextant,
          skrybe_limestone_x, evilmike_ruin_ashenzari
D:6:      layout_loops_ring
D:7:      layout_loops_ring
D:8:      layout_cave_pods, ebering_ghost_reflecting_pool, serial_shops,
          nicolae_shop_window_shopping, uniq_maurice
Temple:   corrupted_temple

Skill      XL: |  1  2  3  4  5  6  7  8  9 10 |
---------------+-------------------------------+-----
Armour         | 1 2 3 4 5 7 8 9 |  9.5
Dodging        | 3 4 5 7 |  7.8
Maces & Flails | 4 5 7 8 9 |  9.3
Fighting       | |  3.2
Stealth        | |  2.1

Action                   |  1- 3 |  4- 6 |  7- 9 | 10-12 || total
-------------------------+-------+-------+-------+-------++-------
Melee: Mace              |    33 |     8 |    43 |       ||    84
       Whip              |   132 |   423 |   204 |    40 ||   799
       Punch             |       |     1 |     4 |       ||     5
       Dagger            |       |       |   129 |     5 ||   134
       Flail             |       |       |   152 |       ||   152
       Dire flail        |       |       |       |   162 ||   162
Invok: Heroism           |       |     2 |    10 |       ||    12
  Use: Scroll            |     2 |     9 |     2 |     6 ||    19
       Potion            |       |     1 |     5 |     1 ||     7
 Stab: Distracted        |     1 |       |       |       ||     1
       Sleeping          |     1 |       |       |       ||     1
  Eat: Chunk             |       |     8 |    13 |     2 ||    23
       Ration            |       |       |       |     4 ||     4
Armor: Robe              |     1 |       |       |       ||     1
       Leather armour    |    40 |       |       |       ||    40
       Ring mail         |    39 |    13 |       |       ||    52
       Scale mail        |       |   234 |    66 |   115 ||   415
       Plate armour      |       |       |   351 |    10 ||   361
Dodge: Dodged            |   149 |   290 |   216 |   141 ||   796
